 Dungeon Crawl Stone Soup version 0.21.1-1-g345015fe64 (webtiles) character file.

323 Lavandula the Twirler (level 6, -3/41 HPs)
             Began as a Barachi Earth Elementalist on July 19, 2018.
             Slain by a wight
             ... wielding a +3 dire flail
              (8 damage)
             ... in an ossuary.
             The game lasted 00:09:24 (1669 turns).

Lavandula the Twirler (Barachi Earth Elementalist)  Turns: 1669, Time: 00:09:25

Health: -3/41      AC:  3    Str:  9    XL:     6   Next: 47%
Magic:  8/12       EV: 12    Int: 18    God:
Gold:   70         SH:  0    Dex: 12    Spells: 5/13 levels left

rFire    . . .     SeeInvis .   o - +4 quarterstaff (chaos)
rCold    . . .     Gourm    .   (shield currently unavailable)
rNeg     . . .     Faith    .   c - +0 robe
rPois    .         Spirit   .   (no helmet)
rElec    .         Reflect  .   p - +0 cloak (curse)
rCorr    .         Harm     .   (no gloves)
MR       .....     Rnd*Tele +   (no boots)
Stlth    +.........             (no amulet)
HPRegen  0.13/turn              s - ring of teleportation (curse)
MPRegen  0.13/turn              (no ring)

@: can't hop, drained, slow
A: +LOS, swims, slowness 1, strong legs 1
a: Hop


You were in an ossuary.
You were very hungry.

You visited 1 branch of the dungeon, and saw 5 of its levels.
You also visited: Sewer and Ossuary.

You collected 70 gold pieces.

Inventory:

Hand Weapons
 f - a +0 dagger
 h - a +2 dagger of speed
 l - a +0 blowgun
 m - a +0 mace of crushing
 o - a +4 quarterstaff of chaos (weapon)
Missiles
 b - 26 stones (quivered)
 k - 7 curare-tipped needles
Armour
 c - a +0 robe (worn)
 p - a cursed +0 cloak (worn)
Jewellery
 s - a cursed ring of teleportation (left hand)
Scrolls
 a - 2 scrolls of teleportation
 g - a scroll of enchant armour {unknown}
 j - 2 scrolls of magic mapping
 q - a scroll of blinking {unknown}
Potions
 i - 2 potions of might
 n - 2 potions of flight {unknown}
 r - 3 potions of magic
Books
 e - a book of Geomancy

   Spells                             Type                      Level
   a - Sandblast                      Earth                        1
   b - Passwall                       Transmutation/Earth          2
   c - Stone Arrow                    Conjuration/Earth            3
   d - Petrify                        Transmutation/Earth          4
   e - Lee's Rapid Deconstruction     Earth                        5
Comestibles
 d - 4 rations


   Skills:
 + Level 5.4(4.3) Staves
 - Level 2.1(1.2) Dodging
 - Level 1.7(0.8) Stealth
 - Level 4.3(3.3) Spellcasting
 - Level 1.1(0.1) Transmutations
 - Level 3.0(2.0) Earth Magic


You had 5 spell levels left.
You knew the following spells:

 Your Spells              Type           Power        Failure   Level  Hunger
a - Sandblast             Erth           ##....       7%          1    None
b - Stone Arrow           Conj/Erth      #.....       30%         3    ###....
c - Petrify               Tmut/Erth      #.......     69%         4    ####...


Dungeon Overview and Level Annotations

Branches:
Dungeon (5/15)
 Temple: D:4-7

Altars:
Okawaru
Trog
Uskayaw

Annotations:
D:3 Ablot's ghost, weakling GrFi


Innate Abilities, Weirdness & Mutations

Shadows flee at your approach. (+LOS)
You can swim through water.
You cover ground slowly.
You can hop short distances.


Message History

* * * LOW HITPOINT WARNING * * *
Casting: Sandblast
Confirm with . or Enter, or press ? or * to list all spells.
Aiming: Sandblast
Press: ? - help, Shift-Dir - straight line, f/p - wight
Aim: a wight, wielding an enchanted dire flail and wearing a robe (severely damaged)
The blast of sand hits the wight.
The wight is severely damaged.
b - 27 stones The wight barely misses you.
Casting: Sandblast
Confirm with . or Enter, or press ? or * to list all spells.
Aiming: Sandblast
Press: ? - help, Shift-Dir - straight line, f/p - wight
Aim: a wight, wielding an enchanted dire flail and wearing a robe (severely damaged)
The blast of sand hits the wight.
The wight is severely damaged.
b - 26 stones The wight hits you with an enchanted dire flail!
You die...

#### ...## ....##
#....#############
......##.#.#.#.#.#
#......#'#'#'#'#'##
.......'........@.+
.......#'#'#'#'#z##
......##.#.#.#.#.#
.....#############
#...## ##...#
#..### #.## ##.##


You could see a wight.

Vanquished Creatures
  A bullfrog (D:4)
  A centaur zombie (D:5)
  Crazy Yiuf (D:2)
  Natasha (D:3)
  3 gnolls (D:4)
  4 river rats
  5 adders
  An ooze (D:2)
  An adder zombie (Ossuary)
  2 worms
  2 ball pythons (Sewer)
  6 giant cockroaches
  A goblin (D:2)
  A hobgoblin (D:2)
  4 jackals (D:2)
  A ball python skeleton (Ossuary)
  3 bats
  A giant cockroach zombie (D:5)
  2 hobgoblin skeletons (Ossuary)
  4 hobgoblin zombies (Ossuary)
  12 kobolds
  An orc skeleton (Ossuary)
  9 rats
  A fungus (D:2)
68 creatures vanquished.

Notes
Turn   | Place    | Note
-------+----------+-------------------------------------------
     0 | D:1      | Lavandula the Barachi Earth Elementalist began the quest for the Orb.
     0 | D:1      | Reached XP level 1. HP: 13/13 MP: 3/3
   110 | D:2      | Reached XP level 2. HP: 13/19 MP: 3/6
   134 | D:2      | Found a bloodstained altar of Trog.
   134 | D:2      | Found a hide-covered altar of Uskayaw.
   256 | D:2      | Reached XP level 3. HP: 19/24 MP: 5/8
   360 | D:2      | Found a runed door.
   365 | D:2      | Noticed Crazy Yiuf
   528 | D:2      | Learned a level 3 spell: Stone Arrow
   567 | D:2      | Killed Crazy Yiuf
   567 | D:2      | Reached XP level 4. HP: 30/30 MP: 7/10
   623 | D:3      | Reached skill level 1 in Staves
   700 | D:3      | Noticed Natasha
   702 | D:3      | Killed Natasha
   702 | D:3      | Reached skill level 2 in Staves
   771 | D:3      | Noticed Ablot's ghost (weakling GrFi)
   804 | D:4      | Found an iron altar of Okawaru.
   805 | D:4      | Noticed a bullfrog
   812 | D:4      | Killed a bullfrog
   812 | D:4      | Reached skill level 3 in Staves
   812 | D:4      | Reached XP level 5. HP: 16/35 MP: 5/11
   829 | D:4      | Reached skill level 4 in Staves
   938 | D:4      | Learned a level 4 spell: Petrify
   955 | D:4      | Found a glowing drain.
   973 | Sewer    | Entered a sewer
   984 | Sewer    | Reached XP level 6. HP: 41/41 MP: 12/12
  1221 | Sewer    | Reached skill level 5 in Staves
  1462 | D:5      | Entered Level 5 of the Dungeon
  1583 | D:5      | Found a sand-covered staircase.
  1588 | Ossuary  | Entered an ossuary
  1669 | Ossuary  | Slain by a wight

Skill      XL: |  1  2  3  4  5  6 |
---------------+-------------------+-----
Spellcasting   | 3 4 |  4.3
Staves         | 3 4 5 |  5.4
Dodging        | |  2.1
Stealth        | |  1.7
Transmutations | |  1.1
Earth Magic    | |  3.0

Action                   |  1- 3 |  4- 6 || total
-------------------------+-------+-------++-------
Melee: Dagger            |    20 |       ||    20
       Quarterstaff      |       |    74 ||    74
 Cast: Sandblast         |    27 |    41 ||    68
       Stone Arrow       |       |     5 ||     5
 Abil: Hop               |     3 |     4 ||     7
  Use: Scroll            |       |     5 ||     5
       Potion            |       |     5 ||     5
 Stab: Sleeping          |       |     6 ||     6
  Eat: Chunk             |       |     2 ||     2
Armor: Robe              |     3 |    17 ||    20
Dodge: Dodged            |    13 |    63 ||    76
